Map: Black Site 2E

Players

Throwfordays - Winner!

  • Race: Protoss Protoss
  • League: Silver
  • Spawn Location: 5:00

Cthulhu - Winner!

  • Race: Protoss Protoss
  • Spawn Location: 6:00

Faust - Winner!

  • Race: Zerg Zerg
  • League: Diamond
  • Spawn Location: 3:00

Looky

  • Race: Protoss Protoss
  • Spawn Location: 11:00

Badboo

  • Race: Terran Terran
  • Spawn Location: 12:00

Terran

  • Race: Zerg Zerg
  • League: Gold
  • Spawn Location: 9:00

VOD

Have the link to the VOD?

Description

Time

  • Played on: March 12, 2019, 11:38 p.m.
  • Length: 16:27
Show
View Real Time Build Order
Export as new Build Order

Throwfordays Protoss - Winner!

Build Orders: Nexus First 

Get SALT Encoding   

  1  0:00  Probe  
  13  0:07  Probe  
  14  0:15  Probe  
  15  0:48  Nexus  
  15  0:55  Pylon  
  15  1:09  Assimilator  
  15  1:10  Probe  
  15  1:18  Probe  
  16  1:21  Gateway  
  17  1:27  Probe  
  18  1:39  Gateway  
  19  1:40  Probe  
  19  1:47  Assimilator  
  19  1:52  Probe  
  20  1:59  Pylon  
  20  2:03  Pylon  
  20  2:07  Probe  
  21  2:14  Cybernetics Core  
  21  2:16  Probe  
  21  2:17  Probe  
  23  2:24  Probe  
  24  2:30  Probe  
  24  2:34  Probe  
  26  2:42  Probe  
  26  2:43  Warp Gate  
  27  2:46  Probe  
  28  2:54  Probe  
  29  2:58  Probe  
  30  3:06  Probe  
  30  3:10  Adept, Probe  
  34  3:15  Adept  
  34  3:19  Probe  
  37  3:22  Probe  
  37  3:23  Forge  
  38  3:31  Gateway, Probe  
  39  3:35  Probe  
  39  3:40  Adept  
  42  3:43  Probe  
  42  3:44  Gateway  
  42  3:45  Adept  
  45  3:57  Photon Cannon  
  45  3:59  Photon Cannon  
  45  4:04  Protoss Ground Weapons Level 1  
  45  4:05  Photon Cannon  
  45  4:40  Adept x4  
  53  4:46  Pylon  
  53  4:48  Pylon  
  53  4:50  Pylon  
  45  5:02  Stalker x4  
  45  5:26  Stalker x3  
  45  5:27  Stalker  
  49  5:54  Probe  
  49  5:56  Assimilator  
  50  6:00  Assimilator  
  50  6:06  Probe  
  51  6:18  Probe  
  52  6:31  Probe  
  53  6:34  Pylon  
  53  6:35  Nexus  
  53  6:36  Pylon  
  53  6:37  Assimilator, Pylon  
  53  6:39  Pylon  
  53  6:40  Probe  
  53  6:41  Assimilator  
  53  6:43  Protoss Ground Armor Level 1, Probe  
  53  6:44  Pylon  
  55  6:47  Pylon  
  55  6:51  Twilight Council, Stargate  
  55  6:52  Probe  
  56  6:55  Probe  
  56  6:56  Cybernetics Core  
  56  6:58  Forge  
  56  6:59  Protoss Air Weapons Level 1  
  57  7:07  Photon Cannon  
  57  7:11  Photon Cannon  
  57  7:15  Photon Cannon  
  57  7:16  Photon Cannon  
  57  7:19  Photon Cannon x2  
  57  7:22  Photon Cannon  
  57  7:26  Photon Cannon  
  57  7:28  Photon Cannon  
  57  7:32  Photon Cannon  
  57  7:35  Photon Cannon  
  57  7:41  Photon Cannon  
  57  7:43  Probe  
  58  7:49  Probe  
  58  7:51  Probe  
  59  7:53  Protoss Shields Level 1  
  59  7:55  Probe  
  61  7:59  Probe  
  61  8:01  Probe  
  63  8:07  Probe  
  63  8:08  Probe  
  65  8:13  Probe  
  66  8:20  Probe  
  66  8:26  Probe  
  68  8:32  Probe  
  69  8:37  Protoss Air Armor Level 1  
  69  8:38  Probe  
  69  8:39  Fleet Beacon, Stargate  
  70  8:43  Protoss Ground Weapons Level 2  
  70  8:44  Stargate  
  70  8:45  Probe  
  71  8:50  Stargate, Probe  
  72  8:57  Probe  
  72  8:58  Blink  
  74  9:02  Probe  
  74  9:04  Void Ray  
  78  9:15  Probe  
  79  9:17  Protoss Air Weapons Level 2  
  79  9:22  Void Ray  
  83  9:27  Void Ray  
  87  9:33  Void Ray  
  91  9:47  Void Ray  
  95  10:01  Protoss Shields Level 2  
  95  10:16  Protoss Air Armor Level 2  
  95  10:19  Void Ray x3  
  107  10:34  Void Ray  
  111  10:55  Nexus  
  111  10:57  Assimilator  
  111  11:02  Assimilator  
  111  11:05  Pylon  
  111  11:07  Pylon  
  111  11:25  Void Ray x2  
  111  11:26  Protoss Air Weapons Level 3, Void Ray x2  
  111  11:31  Photon Cannon  
  127  11:34  Photon Cannon  
  127  11:38  Photon Cannon  
  127  11:41  Photon Cannon  
  127  11:46  Pylon, Photon Cannon  
  127  11:48  Pylon  
  127  11:50  Pylon, Photon Cannon  
  127  11:53  Pylon  
  127  11:56  Pylon  
  127  11:58  Pylon x2  
  127  12:05  Protoss Shields Level 3  
  127  12:08  Probe  
  128  12:12  Probe  
  129  12:18  Protoss Air Armor Level 3  
  129  12:20  Probe  
  130  12:24  Probe  
  130  12:25  Probe  
  130  12:29  Void Ray x3  
  140  12:30  Void Ray  
  140  12:32  Probe  
  140  12:36  Probe  
  150  12:37  Probe  
  151  12:49  Probe  
  152  12:57  Protoss Ground Weapons Level 3  
  152  13:01  Probe  
  153  13:13  Void Ray x4, Probe  
  170  13:56  Void Ray x4  
  176  15:04  Void Ray x4  
Show
View Real Time Build Order
Export as new Build Order

Cthulhu Protoss - Winner!

Build Orders: Nexus First 

Get SALT Encoding   

  1  0:00  Probe  
  12  0:06  Probe  
  14  0:20  Pylon  
  14  0:21  Probe  
  15  0:38  Probe  
  16  0:55  Probe  
  17  1:00  Nexus  
  17  1:07  Probe  
  17  1:10  Assimilator  
  18  1:23  Gateway  
  18  1:29  Pylon  
  18  1:32  Probe  
  18  1:39  Assimilator  
  19  1:40  Probe  
  20  1:48  Probe  
  21  2:01  Gateway  
  21  2:14  Cybernetics Core  
  21  2:17  Zealot  
  21  2:18  Probe  
  21  2:19  Probe  
  25  2:34  Probe x2  
  27  2:46  Probe x2  
  27  2:49  Pylon  
  27  2:51  Stalker  
  29  2:55  Stalker  
  29  2:58  Probe  
  34  3:09  Probe  
  34  3:10  Probe  
  36  3:21  Probe  
  36  3:22  Probe  
  36  3:25  Forge  
  36  3:26  Stalker  
  38  3:31  Zealot  
  42  3:48  Shield Battery  
  42  3:55  Warp Gate  
  42  4:02  Photon Cannon  
  40  4:17  Pylon  
  36  4:28  Probe x2  
  38  4:40  Probe x2  
  38  4:43  Photon Cannon  
  38  4:44  Photon Cannon  
  39  4:46  Pylon  
  39  4:52  Probe  
  40  4:59  Pylon  
  33  5:15  Pylon  
  30  5:36  Photon Cannon  
  30  5:37  Gateway  
  30  5:39  Photon Cannon  
  30  5:40  Photon Cannon  
  30  5:44  Shield Battery  
  30  5:47  Pylon  
  30  5:49  Protoss Ground Weapons Level 1  
  30  5:52  Pylon  
  30  5:55  Gateway  
  30  5:56  Photon Cannon  
  30  5:57  Probe  
  30  5:58  Shield Battery, Probe  
  32  6:05  Probe  
  32  6:06  Probe  
  34  6:13  Assimilator x2  
  34  6:20  Pylon  
  34  6:24  Pylon  
  34  6:27  Pylon  
  34  6:29  Zealot  
  36  6:45  Gateway  
  36  6:47  Gateway  
  36  6:49  Zealot  
  38  6:55  Gateway  
  38  7:03  Gateway  
  38  7:08  Gateway  
  38  7:09  Gateway  
  38  7:10  Probe  
  38  7:11  Probe  
  40  7:18  Probe  
  40  7:19  Probe  
  42  7:34  Stalker  
  42  7:35  Stalker  
  46  8:07  Protoss Ground Armor Level 1  
  46  8:09  Sentry x3  
  46  8:10  Stalker  
  46  8:11  Stalker x4  
  62  8:20  Robotics Facility  
  62  8:48  Nexus  
  62  8:49  Stalker  
  62  8:55  Pylon  
  64  9:15  Stalker  
  64  9:16  Stalker x3  
  72  9:49  Stalker x3  
  72  9:50  Stalker x3  
  84  10:03  Photon Cannon  
  84  10:19  Observer  
  84  10:20  Photon Cannon  
  84  10:28  Probe x3  
  88  10:55  Probe x3  
  91  10:57  Stalker x2  
  91  10:58  Stalker x4  
  103  11:05  Sentry x2  
  103  11:06  Sentry  
  103  11:10  Protoss Shields Level 1  
  109  11:39  Pylon  
  109  11:42  Assimilator  
  109  11:43  Nexus  
  109  11:44  Twilight Council  
  109  11:45  Pylon  
  109  11:57  Probe x3  
  112  12:09  Probe  
  113  12:33  Pylon  
  113  12:37  Pylon  
  113  12:49  Nexus  
  113  12:51  Pylon  
  113  12:53  Pylon  
  113  12:57  Assimilator  
  113  12:58  Assimilator  
  113  13:00  Probe x3  
  116  13:06  Assimilator, Probe  
  116  13:10  Assimilator  
  116  13:12  Probe x3  
  120  13:14  Probe  
  121  13:20  Protoss Ground Weapons Level 2  
  121  13:24  Probe  
  121  13:25  Stalker  
  121  13:26  Stalker x5  
  134  13:27  Stalker x3  
  134  13:30  Assimilator  
  140  13:36  Probe x3  
  143  13:42  Pylon  
  143  13:44  Pylon x2  
  143  13:45  Pylon  
  143  13:48  Observer  
  144  13:57  Forge  
  144  14:07  Observer  
  145  14:13  Stalker  
  145  14:14  Sentry x2, Stalker x2  
  145  14:15  Sentry x3  
  161  14:28  Observer  
  128  15:41  Zealot x5  
  128  15:42  Zealot x4  
  146  16:14  Stalker x2  
  146  16:15  Stalker x7  
Show
View Real Time Build Order
Export as new Build Order

Faust Zerg - Winner!

Build Orders: Hatch First 

Get SALT Encoding   

  12  0:01  Drone  
  13  0:12  Drone  
  14  0:18  Extractor  
  14  0:19  Drone  
  15  0:24  Overlord  
  15  0:42  Drone x2  
  17  0:57  Hatchery  
  17  1:01  Drone  
  17  1:05  Extractor  
  17  1:06  Drone  
  17  1:20  Spawning Pool  
  16  1:27  Drone  
  16  1:29  Drone  
  18  1:36  Drone  
  19  1:43  Overlord  
  19  2:07  Lair  
  19  2:09  Drone  
  19  2:10  Drone x2  
  19  2:12  Queen  
  24  2:23  Drone x3  
  27  2:31  Overlord  
  27  2:40  Drone  
  27  2:43  Drone  
  27  2:44  Drone  
  30  2:51  Queen  
  30  2:53  Overlord  
  32  3:06  Infestation Pit  
  31  3:13  Baneling Nest, Drone  
  31  3:14  Drone x3  
  31  3:17  Extractor  
  31  3:19  Extractor  
  32  3:22  Zergling x4  
  34  3:36  Overlord  
  35  3:41  Zergling x8  
  35  3:48  Metabolic Boost  
  38  3:50  Zergling x2  
  38  3:55  Extractor, Drone x2  
  39  3:57  Drone  
  39  4:01  Zergling x4  
  43  4:05  Zergling x6  
  46  4:17  Hydralisk Den  
  35  4:48  Zergling x2  
  35  4:49  Zergling x18  
  35  4:52  Hydralisk  
  45  5:00  Hatchery  
  45  5:03  Hydralisk  
  45  5:04  Hydralisk  
  45  5:37  Zergling x10, Hydralisk  
  51  5:51  Drone  
  51  5:53  Overlord x4  
  52  6:14  Queen  
  54  6:21  Hatchery  
  54  6:22  Drone x3  
  54  6:23  Drone x2  
  54  6:24  Drone x4  
  54  6:25  Drone  
  63  6:34  Drone x2  
  63  6:36  Nydus Network  
  63  6:37  Drone x3  
  63  6:51  Drone x8  
  71  7:00  Drone x3  
  71  7:01  Drone  
  75  7:04  Overlord  
  75  7:10  Evolution Chamber  
  75  7:12  Evolution Chamber  
  73  7:22  Drone x2  
  75  7:23  Drone  
  75  7:29  Extractor  
  75  7:31  Extractor  
  59  8:07  Swarm Host x2  
  59  8:09  Drone  
  59  8:11  Drone  
  103  8:15  Overlord  
  103  8:16  Overlord x2  
  103  8:19  Zerg Missile Weapons Level 1  
  103  8:23  Zerg Ground Armor Level 1  
  103  8:37  Drone x3  
  103  8:38  Drone x2  
  108  8:49  Hatchery  
  107  9:10  Nydus Canal  
  107  9:15  Overlord x3  
  122  9:46  Overseer  
  122  9:52  Hive  
  122  9:54  Drone x8  
  130  10:02  Overseer x2, Hydralisk  
  130  10:03  Spore Crawler, Hydralisk x11  
  130  10:06  Spore Crawler  
  152  10:07  Drone x2  
  152  10:08  Drone  
  154  10:27  Zerg Missile Weapons Level 2  
  154  10:28  Zerg Ground Armor Level 2  
  142  10:32  Drone  
  142  10:33  Drone x7  
  142  10:34  Drone x2  
  152  10:48  Nydus Canal  
  152  10:52  Drone x3  
  152  10:53  Extractor  
  152  10:54  Extractor, Drone x3  
  152  10:55  Drone x2  
  158  11:28  Overlord x3  
  158  11:29  Overlord x3  
  158  11:34  Spire  
  158  11:36  Ultralisk Cavern  
  156  12:19  Evolution Chamber  
  155  12:34  Nydus Canal  
  155  12:49  Queen  
  157  13:31  Ultralisk  
  157  13:32  Ultralisk x6  
  196  13:58  Pneumatized Carapace  
  196  14:00  Burrow  
  196  14:19  Zerg Melee Weapons Level 1  
  196  14:25  Chitinous Plating  
  196  14:30  Zerg Flyer Weapons Level 1  
  196  14:32  Spire  
  196  14:37  Nydus Canal  
  171  15:43  Anabolic Synthesis  
  195  16:20  Nydus Canal  
Show
View Real Time Build Order
Export as new Build Order

Looky Protoss 

Build Orders: Blink Stalkers 

Get SALT Encoding   

  1  0:00  Probe  
  12  0:05  Probe  
  14  0:19  Pylon  
  14  0:26  Probe  
  15  0:39  Probe  
  15  0:40  Gateway  
  16  0:50  Assimilator  
  16  0:51  Probe  
  17  1:00  Probe  
  18  1:08  Probe  
  18  1:10  Gateway  
  18  1:17  Probe  
  20  1:29  Cybernetics Core  
  20  1:31  Zealot  
  22  1:40  Pylon  
  22  1:48  Warp Gate  
  22  1:50  Assimilator  
  22  2:00  Gateway  
  22  2:03  Probe  
  23  2:09  Stalker  
  25  2:22  Gateway  
  25  2:27  Probe  
  26  2:39  Twilight Council  
  26  2:42  Stalker  
  28  2:51  Pylon  
  28  3:09  Stalker  
  30  3:21  Probe  
  30  3:26  Blink  
  31  3:39  Pylon  
  31  3:57  Stalker  
  31  3:58  Stalker x3  
  37  4:25  Stalker  
  37  4:26  Stalker x2  
  43  4:41  Stalker  
  39  5:06  Stalker x4  
  29  5:30  Stalker x3  
  24  5:50  Stalker  
  24  5:51  Stalker x3  
  32  5:57  Forge  
  32  6:12  Dark Shrine  
  32  6:18  Stalker  
  32  6:20  Zealot  
  36  6:35  Protoss Ground Armor Level 1  
  36  6:43  Nexus  
  36  6:55  Pylon  
  36  7:24  Sentry x2  
  40  7:33  Dark Templar  
  42  7:54  Dark Templar  
  44  8:14  Probe x2  
  46  8:21  Dark Templar  
  46  8:22  Probe x2  
  50  8:32  Probe x2  
  50  8:37  Zealot  
  50  8:38  Zealot x2  
  50  8:40  Robotics Facility  
  58  8:47  Assimilator x2  
  58  9:00  Dark Templar  
  46  9:45  Stalker x4  
  50  10:13  Protoss Ground Weapons Level 1  
  50  10:24  Dark Templar x3  
  56  10:33  Probe x2  
  52  10:41  Archon, Probe x2  
  56  10:50  Probe  
  56  10:51  Probe  
  58  11:01  Dark Templar x2  
  62  11:24  Probe  
  61  11:34  Archon  
  61  11:57  Protoss Ground Armor Level 2  
  61  12:02  Gateway  
  61  12:04  Gateway x2  
  61  12:11  Pylon  
  61  12:12  Pylon  
  61  12:14  Pylon, Charge  
  60  12:20  Stalker  
  62  12:30  Stalker x3, Warp Prism  
  70  13:07  Observer  
  71  13:19  Dark Templar x3  
  77  13:20  Zealot x3  
  77  13:21  Zealot  
  85  13:28  Observer  
  85  13:31  Archon  
  86  13:40  Archon  
  86  14:12  Nexus  
  86  14:22  Pylon x3  
  86  14:27  Pylon  
  86  14:28  Pylon  
  86  14:37  Observer  
  36  15:01  Stalker  
  36  15:02  Stalker x5  
  36  15:03  Stalker  
  35  15:33  Stalker x5  
  35  15:34  Stalker x2  
Show
View Real Time Build Order
Export as new Build Order

Badboo Terran 

Build Orders:  

Get SALT Encoding   

  12  0:12  Refinery  
  12  0:21  Supply Depot  
  12  0:28  SCV  
  13  0:40  SCV  
  14  0:49  Barracks  
  14  1:06  SCV  
  14  1:08  Barracks  
  15  1:20  Supply Depot  
  15  1:38  Marine  
  16  1:53  Orbital Command  
  16  1:55  Marine  
  16  1:56  Marine  
  18  2:13  Marine  
  18  2:14  Marine  
  20  2:18  SCV  
  21  2:31  Marine, SCV  
  21  2:32  Marine  
  24  2:43  SCV  
  25  2:49  Marine x2  
  25  2:50  Factory  
  27  3:07  Marine x2  
  27  3:11  Refinery  
  30  3:12  SCV  
  30  3:25  SCV  
  31  3:33  Marine x2, Supply Depot  
  33  3:36  Factory  
  33  3:39  SCV  
  34  3:44  Factory Tech Lab  
  34  3:51  Marine x2, SCV  
  37  3:56  Supply Depot  
  37  4:08  Marine x2  
  27  4:47  Barracks Reactor  
  27  4:48  Starport  
  27  4:50  Barracks Tech Lab  
  27  4:51  Factory Tech Lab  
  27  5:01  Siege Tank  
  27  5:04  Command Center  
  27  5:35  Starport, Starport Tech Lab  
  27  5:41  Siege Tank  
  30  5:43  Siege Tank  
  30  5:45  Combat Shield  
  31  5:56  Engineering Bay  
  31  6:06  Marine x2  
  33  6:20  SCV  
  33  6:24  Marine x2  
  36  6:32  SCV  
  37  6:41  Marine  
  37  6:42  Marine  
  39  6:58  Armory  
  39  6:59  Marine, Terran Infantry Weapons Level 1  
  39  7:00  Marine  
  41  7:06  SCV  
  42  7:17  Marine  
  42  7:18  Marine, SCV  
  42  7:21  Starport Tech Lab  
  45  7:29  Missile Turret  
  45  7:30  SCV  
  45  7:34  Missile Turret  
  45  7:35  Marine x2  
  48  7:38  Missile Turret  
  48  7:43  SCV  
  49  7:51  Refinery x2  
  49  7:53  Marine x2  
  49  7:55  SCV  
  52  8:07  SCV  
  53  8:19  SCV  
  54  8:46  Orbital Command  
  54  8:50  Terran Vehicle Weapons Level 1  
  54  8:53  Terran Infantry Armor Level 1  
  54  8:56  Marine x2  
  54  8:59  Marine  
  57  9:08  Supply Depot  
  57  9:14  Marine x2  
  59  9:17  Marine  
  58  9:31  Marine  
  58  9:32  Marine  
  58  9:35  Marine  
  61  9:49  Marine  
  61  9:50  Marine  
  63  9:52  Marine  
  63  9:57  Supply Depot  
  64  10:04  Missile Turret  
  64  10:07  Marine x2  
  64  10:09  Missile Turret  
  64  10:10  Marine, Missile Turret  
  67  10:17  Missile Turret  
  67  10:23  Missile Turret  
  67  10:25  Marine x2  
  69  10:28  Marine  
  70  10:43  Marine  
  70  10:44  Terran Vehicle And Ship Armor Level 1  
  70  10:46  Marine  
  70  10:47  Neosteel Armor, Command Center  
  72  10:59  Marine  
  72  11:00  Marine  
  74  11:16  Marine  
  73  11:18  Marine  
  66  11:34  Marine  
  66  11:36  Marine  
  66  11:37  Command Center  
  68  11:52  Marine  
  68  11:53  Supply Depot  
  68  11:54  Supply Depot  
  69  11:56  Supply Depot  
  69  11:58  Supply Depot  
  69  12:03  SCV  
  62  12:27  Terran Infantry Weapons Level 2  
  62  12:33  SCV  
  63  12:38  Terran Ship Weapons Level 1  
  63  12:45  SCV  
  63  12:48  Marine  
  63  12:49  Marine  
  66  12:57  SCV  
  67  13:06  Marine  
  67  13:07  Marine  
  67  13:11  SCV  
  70  13:23  SCV  
  70  13:25  Refinery  
  70  13:26  Planetary Fortress  
  71  13:27  Refinery  
  71  13:29  Viking  
  71  13:33  Viking  
  75  13:35  SCV  
  76  13:47  SCV  
  77  13:59  SCV, Viking  
  77  14:02  SCV  
  81  14:03  Viking  
  83  14:13  SCV  
  83  14:14  SCV  
  85  14:23  Siege Tank  
  88  14:25  SCV  
  88  14:26  SCV  
  90  14:33  Viking  
  90  14:37  SCV  
  93  14:39  SCV  
  94  14:49  SCV  
  94  14:51  SCV  
  96  15:01  Viking  
  42  15:28  Marine x2  
Show
View Real Time Build Order
Export as new Build Order

Terran Zerg 

Build Orders: Pool First, Brood Lord Corruptor 

Get SALT Encoding   

  12  0:01  Drone  
  13  0:12  Overlord  
  13  0:19  Drone  
  14  0:31  Drone x2  
  14  0:34  Drone  
  17  0:47  Spawning Pool  
  16  0:50  Drone  
  17  1:12  Hatchery  
  16  1:19  Drone  
  16  1:20  Extractor, Drone  
  16  1:24  Drone  
  18  1:34  Queen  
  20  1:41  Overlord  
  20  1:44  Drone  
  21  1:52  Drone  
  22  2:02  Drone  
  23  2:10  Queen  
  25  2:17  Overlord  
  25  2:24  Drone, Roach Warren  
  25  2:26  Drone  
  26  2:34  Drone  
  27  2:38  Drone  
  28  2:49  Drone  
  28  2:50  Extractor, Drone x3  
  31  3:04  Roach x2  
  35  3:07  Overlord  
  35  3:09  Overlord  
  35  3:13  Drone  
  35  3:16  Roach  
  38  3:20  Roach  
  40  3:32  Roach x3  
  46  3:36  Roach  
  48  3:43  Roach x2  
  48  3:47  Drone  
  48  3:48  Drone  
  54  3:51  Drone  
  54  3:55  Drone  
  56  3:56  Drone  
  56  4:00  Overlord  
  57  4:05  Overlord  
  57  4:10  Drone x2  
  59  4:19  Drone x3  
  62  4:26  Roach x3  
  66  4:33  Drone x4  
  66  4:36  Extractor x2  
  66  4:46  Drone  
  66  4:47  Drone x2  
  65  4:59  Roach  
  67  5:00  Roach x2  
  71  5:08  Hatchery  
  68  5:26  Drone x3  
  68  5:27  Roach x2  
  68  5:28  Roach x3  
  73  5:37  Overlord x4  
  67  5:50  Drone x2  
  67  5:55  Drone x3  
  67  5:56  Drone  
  71  5:57  Drone  
  71  5:58  Lair  
  72  6:12  Drone x4  
  76  6:20  Queen  
  76  6:22  Drone x3  
  81  6:26  Drone x2  
  81  6:27  Drone  
  81  6:32  Drone x3  
  87  6:38  Drone x3  
  90  6:44  Extractor x2  
  88  6:49  Drone x3  
  91  7:05  Drone  
  91  7:07  Spire  
  91  7:15  Drone  
  92  7:17  Metabolic Boost  
  92  7:23  Hatchery, Drone  
  92  7:26  Infestation Pit  
  92  7:27  Roach  
  92  7:28  Roach x5  
  103  7:40  Roach  
  103  7:41  Roach x7  
  105  7:47  Roach x3  
  105  7:48  Roach x3  
  99  8:15  Drone x13  
  112  8:21  Drone  
  112  8:25  Overlord  
  113  8:42  Drone x4  
  113  8:43  Drone  
  113  8:45  Queen  
  120  8:56  Drone x2  
  120  8:59  Corruptor x3  
  128  9:02  Overlord  
  128  9:03  Overlord  
  128  9:06  Overseer  
  128  9:08  Hive  
  128  9:25  Drone x3  
  128  9:26  Drone x2  
  128  9:30  Corruptor  
  128  9:31  Corruptor x4  
  135  9:34  Overlord x3  
  143  9:48  Overlord x3  
  143  9:49  Overlord  
  143  10:14  Corruptor x2  
  143  10:15  Corruptor x7  
  161  10:28  Greater Spire  
  161  10:34  Overseer x2  
  161  11:39  Brood Lord  
  163  11:40  Brood Lord x11  
  163  11:41  Brood Lord  
  187  11:48  Zergling x2  
  188  12:10  Drone, Hydralisk Den  
  188  12:20  Roach  
  188  12:21  Roach x5  
  200  12:40  Hatchery  
  200  12:42  Hatchery  
  200  12:43  Hatchery  
  197  12:47  Hatchery  
  194  13:10  Overlord x3  
  194  13:30  Hatchery  
  193  13:36  Hydralisk  
  193  13:37  Hydralisk x2  
  198  14:03  Hydralisk  
  200  14:16  Drone x2  
  200  14:17  Drone, Evolution Chamber  
  197  14:18  Evolution Chamber  
  197  14:19  Evolution Chamber  
  138  14:26  Hydralisk  
  138  14:27  Hydralisk x15  
  138  14:28  Hydralisk x18  
  134  14:45  Queen  
  136  15:07  Hydralisk x5  
  136  15:08  Hydralisk  
  88  15:26  Hydralisk  
  88  15:27  Hydralisk x4  
  90  15:29  Zergling x20  
  90  15:30  Zergling x26  
  111  15:40  Drone x4  
  111  15:41  Drone x7  
  111  15:42  Overlord  
  113  15:52  Zergling x2  
  113  15:53  Zergling x14  
Tags
 
Add a new tag
Caveats
  • Supply blocks, unpowered buildings, or Contaminate may cause inaccurate times.
  • Supply counts are checked every 10 seconds.